 Dungeon Crawl Stone Soup version 0.28.0-1-gb440e238dd (webtiles) character file.

Game seed: 17418640471756571913

104 themarg the Covered (level 4, -6/32 HPs)
             Began as a Gnoll Wanderer on Feb 22, 2022.
             Mangled by Pikel (9 damage)
             ... on level 4 of the Dungeon.
             The game lasted 00:06:44 (3024 turns).

themarg the Covered (Gnoll Wanderer)                Turns: 3024, Time: 00:06:44

Health: -6/32      AC:  7    Str: 13    XL:     4   Next: 80%
Magic:  5/5        EV: 11    Int:  8    God:
Gold:   92         SH:  0    Dex: 15    Spells: 5/5 levels left

rFire   . . .      SeeInvis +   a - +2 hand axe
rCold   . . .      Faith    .   (no shield)
rNeg    . . .      Spirit   .   e - +0 leather armour
rPois   .          Reflect  .   k - +2 hat {SInv}
rElec   .          Harm     .   (no cloak)
rCorr   .          Rampage  .   d - +0 pair of gloves
Will    +....                   (no boots)
Stlth   ++........              (no amulet)
HPRegen 0.10/turn               l - ring of willpower
MPRegen 0.09/turn               (no ring)

@: no status effects
A: fangs 1, strong nose, distributed training
a: no special abilities


You were on level 4 of the Dungeon.
You visited 1 branch of the dungeon, and saw 4 of its levels.

You collected 92 gold pieces.

Inventory:

Hand Weapons
 a - a +2 hand axe (weapon)
 b - a +0 shortbow
Missiles
 c - 47 arrows
 h - 118 stones (quivered)
 n - 4 poisoned darts
Armour
 d - a +0 pair of gloves (worn)
 e - a +0 leather armour (worn)
 f - a +0 scale mail
 k - a +2 hat of see invisible (worn)
Jewellery
 l - a ring of willpower (left hand)
Scrolls
 g - a scroll of blinking {unknown}
 i - a scroll of fog {unknown}
 j - 3 scrolls of identify {unknown}
 m - 2 scrolls of amnesia {unknown}
Potions
 o - a potion of flight {unknown}
 p - a potion of ambrosia {unknown}


   Skills:
 + Level 1.2 Fighting
 + Level 1.2 Short Blades
 + Level 1.2 Long Blades
 + Level 6.6 Axes
 + Level 1.2 Maces & Flails
 + Level 1.2 Polearms
 + Level 1.2 Staves
 + Level 1.2 Slings
 + Level 2.8 Bows
 + Level 1.2 Crossbows
 + Level 1.2 Throwing
 + Level 6.6 Armour
 + Level 1.2 Dodging
 + Level 4.3 Stealth
 + Level 1.2 Shields
 + Level 1.2 Unarmed Combat
 + Level 1.2 Spellcasting
 + Level 1.0 Conjurations
 + Level 1.0 Hexes
 + Level 1.0 Summonings
 + Level 1.0 Necromancy
 + Level 1.0 Translocations
 + Level 1.0 Transmutations
 + Level 1.0 Fire Magic
 + Level 1.0 Ice Magic
 + Level 1.0 Air Magic
 + Level 1.0 Earth Magic
 + Level 1.0 Poison Magic
 + Level 1.3 Invocations
 + Level 2.8 Evocations


You had 5 spell levels left.
You didn't know any spells.
Your spell library was empty.

Dungeon Overview and Level Annotations

Branches:
Dungeon (4/15)
 Temple: D:4-7

Altars:
Okawaru

Annotations:
D:4 2 runed translucent doors, Pikel


Innate Abilities, Weirdness & Mutations

You have very sharp teeth.
Your uncanny sense of smell can sniff out nearby items.
Your experience applies equally to all skills.


Message History

The hound is heavily wounded.
You hit the lemure but do no damage. You closely miss Pikel.
The hound closely misses you. Pikel hits you but does no damage.
The lemure barely misses you. The hound barely misses you.
You hit the hound.
The hound is heavily wounded.
You hit Pikel but do no damage. You hit the lemure but do no damage.
The hound bites you but does no damage.
Pikel cracks his whip.
Pikel barely misses you. The lemure hits you.
You hit the hound.
The hound is severely wounded.
You hit Pikel but do no damage. You hit the lemure but do no damage.
The hound bites you.
Pikel hits you with a +0 whip of electrocution.
A hobgoblin comes into view.
The lemure barely misses you. The hound barely misses you.
The hobgoblin shouts!
You hit the hound.
You kill the hound!
You hit Pikel but do no damage. You closely miss the lemure.
Pikel hits you with a +0 whip of electrocution.
You are electrocuted!
* * * LOW HITPOINT WARNING * * *
The lemure barely misses you.
Your Conjurations skill increases to level 1!
Your Hexes skill increases to level 1!
Your Summonings skill increases to level 1!
Your Necromancy skill increases to level 1!
Your Translocations skill increases to level 1!
Your Transmutations skill increases to level 1!
Your Fire Magic skill increases to level 1!
Your Ice Magic skill increases to level 1!
Your Air Magic skill increases to level 1!
Your Earth Magic skill increases to level 1!
Your Poison Magic skill increases to level 1!
Pikel hits you with a +0 whip of electrocution.
* * * LOW HITPOINT WARNING * * *
You are electrocuted!
You die...

≈≈≈≈.#.#....#
#.......###.#
######..#...+
####..#.#.#
#.......#.#
#.##.g###.#
#.#.....#.#
#...55K.#.#
###.#@5.#.#
#.......#.# ∆
....#.......#
....##.##.###
++# #. .. ..
#. #.# #. ..
#. #.#


You could see Pikel, 3 lemures and a hobgoblin.

Vanquished Creatures
  A lemure (D:4)
  A hound (D:4)
  2 adders
  2 worms (D:3)
  A dart slug (D:1)
  2 endoplasms
  A giant cockroach (D:1)
  4 goblins
  4 hobgoblins
  2 jackals (D:3)
  2 quokkas (D:1)
  11 ball pythons
  6 bats
  2 frilled lizards
  3 kobolds (D:3)
  4 rats
48 creatures vanquished.

Notes
Turn   | Place    | Note
-------+----------+-------------------------------------------
     0 | D:1      | themarg the Gnoll Wanderer began the quest for the Orb.
     0 | D:1      | themarg set off with the following items: a +2 hand axe, a
                  | +0 shortbow, 26 arrows, a +0 pair of gloves, a +0 leather
                  | armour
     0 | D:1      | Reached XP level 1. HP: 13/13 MP: 1/1
   215 | D:1      | Reached XP level 2. HP: 5/19 MP: 2/2
   900 | D:1      | Reached XP level 3. HP: 25/25 MP: 3/3
  1140 | D:1      | Found a faded altar of an unknown god.
  1567 | D:2      | Reached skill level 1 in Invocations
  1619 | D:2      | Found an iron altar of Okawaru.
  2363 | D:3      | Reached skill level 1 in Fighting
  2363 | D:3      | Reached skill level 1 in Short Blades
  2363 | D:3      | Reached skill level 1 in Long Blades
  2363 | D:3      | Reached skill level 1 in Maces & Flails
  2363 | D:3      | Reached skill level 1 in Polearms
  2363 | D:3      | Reached skill level 1 in Staves
  2363 | D:3      | Reached skill level 1 in Slings
  2363 | D:3      | Reached skill level 1 in Crossbows
  2363 | D:3      | Reached skill level 1 in Throwing
  2363 | D:3      | Reached skill level 1 in Dodging
  2363 | D:3      | Reached skill level 1 in Shields
  2363 | D:3      | Reached skill level 1 in Unarmed Combat
  2363 | D:3      | Reached skill level 1 in Spellcasting
  2411 | D:3      | Reached XP level 4. HP: 25/32 MP: 5/5
  2870 | D:4      | Found a runed translucent gate.
  2870 | D:4      | Found a runed translucent gate.
  2879 | D:4      | Noticed Pikel
  2879 | D:4      | Noticed a lemure
  2879 | D:4      | Noticed a lemure
  2902 | D:4      | Killed a lemure
  3000 | D:4      | Noticed a lemure
  3000 | D:4      | Noticed a lemure
  3024 | D:4      | Reached skill level 1 in Conjurations
  3024 | D:4      | Reached skill level 1 in Hexes
  3024 | D:4      | Reached skill level 1 in Summonings
  3024 | D:4      | Reached skill level 1 in Necromancy
  3024 | D:4      | Reached skill level 1 in Translocations
  3024 | D:4      | Reached skill level 1 in Transmutations
  3024 | D:4      | Reached skill level 1 in Fire Magic
  3024 | D:4      | Reached skill level 1 in Ice Magic
  3024 | D:4      | Reached skill level 1 in Air Magic
  3024 | D:4      | Reached skill level 1 in Earth Magic
  3024 | D:4      | Reached skill level 1 in Poison Magic
  3024 | D:4      | Mangled by Pikel

Illustrated notes

Levels and vault maps discovered:
D:1:      minmay_arrival_arboretum_small, layout_loops_ring,
          shapermc_ecumenical_altar_ellora, minmay_curled_crystal
D:2:      layout_basic, basic_altar
D:3:      layout_rooms
D:4:      layout_basic, general_overflow_altar, gammafunk_ghost_necromancy,
          minmay_misc_feat_encased, chequers_serial_rivers_marsh,
          kennysheep_generic_room_12, uniq_pikel

Skill      XL: |  1  2  3  4 |
---------------+-------------+-----
Invocations    | 1 |  1.3
Fighting       | 1 |  1.2
Short Blades   | 1 |  1.2
Long Blades    | 1 |  1.2
Maces & Flails | 1 |  1.2
Polearms       | 1 |  1.2
Staves         | 1 |  1.2
Slings         | 1 |  1.2
Crossbows      | 1 |  1.2
Throwing       | 1 |  1.2
Dodging        | 1 |  1.2
Shields        | 1 |  1.2
Unarmed Combat | 1 |  1.2
Spellcasting   | 1 |  1.2
Conjurations   | 1 |  1.0
Hexes          | 1 |  1.0
Summonings     | 1 |  1.0
Necromancy     | 1 |  1.0
Translocations | 1 |  1.0
Transmutations | 1 |  1.0
Fire Magic     | 1 |  1.0
Ice Magic      | 1 |  1.0
Air Magic      | 1 |  1.0
Earth Magic    | 1 |  1.0
Poison Magic   | 1 |  1.0
Axes           | |  6.6
Bows           | |  2.8
Armour         | |  6.6
Stealth        | |  4.3
Evocations     | |  2.8

Action                   |  1- 3 |  4- 6 || total
-------------------------+-------+-------++-------
Melee: Hand axe          |    87 |    45 ||   132
       Bite              |     7 |     3 ||    10
       Punch             |       |     1 ||     1
 Stab: Sleeping          |    10 |       ||    10
       Distracted        |     1 |       ||     1
Armor: Leather armour    |    27 |    27 ||    54
Dodge: Dodged            |    44 |    37 ||    81
